[ AOE2 MATCH · #463336285 ]
UnrankedTeutons vs Incas
[ REPLAY ANALYSIS · EXTRACTED FROM THE RECORDED GAME ]
Feudal
14:14
Castle
20:04
Imperial
35:25
| APM avg | 27.6 |
| APM peak | 57 |
| eAPM avg | 14.7 |
| Villagers / military | 114 / 226 |
Focus
⚔️ 28.3% · 🌾 71.7%
Spearman ×159 · Skirmisher ×19 · Teutonic Knight ×15 · Cavalry Archer ×13 · Mangonel ×9 · Bombard Cannon ×4
Feudal
11:29
Castle
15:05
Imperial
28:25
| APM avg | 32.3 |
| APM peak | 91 |
| eAPM avg | 17.5 |
| Villagers / military | 123 / 101 |
Focus
⚔️ 30.0% · 🌾 70.0%
Unknown (2550) ×113 · Kamayuk ×46 · Skirmisher ×35 · Trade Cart ×27 · Trebuchet (Packed) ×10 · Petard ×10
Feudal
13:56
Castle
17:37
Imperial
23:17
| APM avg | 14.6 |
| APM peak | 27 |
| eAPM avg | 12.4 |
| Villagers / military | 100 / 71 |
Focus
⚔️ 20.9% · 🌾 79.1%
Hand Cannoneer ×33 · Scout Cavalry ×14 · Trade Cart ×10 · Bombard Cannon ×8 · Janissary ×6 · Monk ×3
Feudal
14:40
Castle
20:25
Imperial
40:43
| APM avg | 20.5 |
| APM peak | 56 |
| eAPM avg | 12.6 |
| Villagers / military | 95 / 44 |
Focus
⚔️ 20.3% · 🌾 79.7%
Knight ×33 · Archer ×5 · Trade Cart ×3 · Spearman ×2 · Camel Scout ×2 · War Elephant ×2
Feudal
11:06
Castle
18:04
Imperial
36:38
| APM avg | 22.4 |
| APM peak | 60 |
| eAPM avg | 13.9 |
| Villagers / military | 106 / 210 |
Focus
⚔️ 42.1% · 🌾 57.9%
Skirmisher ×105 · Knight ×88 · Trade Cart ×23 · Cataphract ×7 · Trebuchet (Packed) ×6 · Battering Ram ×3
Feudal
13:47
Castle
19:26
Imperial
32:24
| APM avg | 31.0 |
| APM peak | 105 |
| eAPM avg | 14.8 |
| Villagers / military | 128 / 142 |
Focus
⚔️ 32.2% · 🌾 67.8%
Longbowman ×132 · Spearman ×9 · Trade Cart ×5 · Monk ×1
Feudal
14:27
Castle
20:27
Imperial
37:20
| APM avg | 18.4 |
| APM peak | 40 |
| eAPM avg | 12.1 |
| Villagers / military | 154 / 127 |
Focus
⚔️ 30.2% · 🌾 69.8%
Cavalry Archer ×124 · Trade Cart ×14 · Battering Ram ×2 · Monk ×1
Feudal
14:49
Castle
24:39
Imperial
31:36
| APM avg | 10.8 |
| APM peak | 24 |
| eAPM avg | 8.8 |
| Villagers / military | 102 / 66 |
Focus
⚔️ 23.6% · 🌾 76.4%
Spearman ×32 · Iron Pagoda ×26 · Bombard Cannon ×6 · Trade Cart ×2 · Unknown (1911) ×2 · Monk ×1
Match map
Initial resources + every placement click. Lines = walls · curves = elevation contours. ◆ gold · ⬟ stone · ● berries · ✦ relic · ◌ wall gap
Your base· ✓ Closed at 20:04 · 18t walls · 1 gate(s)
Yisus Patitas Suaves's base· Open — opponent sealed themselves in
tallshanks's base· Open — opponent sealed themselves in
RayderBlack's base· ✓ Closed at 20:25 · 16t walls · 1 gate(s)
TheHuisman's base· Open — opponent sealed themselves in
SnooP OrO's base· ✓ Closed at 19:26 · 50t walls · 2 gate(s)
Cartman AK-47's base· Open — opponent sealed themselves in
Carrotman's base· ✓ Closed at 24:39 · 24t walls · no gate
Smoothed initial terrain · ◌ = detected wall gap · hover for details
Inputs per minute
— WIRE - - Yisus Patitas Suaves
Build order — WIRE
First 150 of 344 actions detected
| 0:03 | Build | House |
| 0:04 | Build | House |
| 0:05 | Create | Villager (Male) |
| 0:05 | Create | Villager (Male) |
| 0:05 | Create | Villager (Male) |
| 0:19 | Create | Villager (Male) |
| 0:20 | Create | Villager (Male) |
| 0:42 | Research | Loom |
| 0:42 | Create | Villager (Male) |
| 1:07 | Build | Palisade Wall |
| 1:17 | Create | Villager (Male) |
| 1:17 | Create | Villager (Male) |
| 1:18 | Create | Villager (Male) |
| 2:14 | Build | Mill |
| 2:36 | Create | Villager (Male) |
| 3:44 | Create | Villager (Male) |
| 4:09 | Create | Villager (Male) |
| 4:41 | Create | Villager (Male) |
| 5:23 | Create | Villager (Male) |
| 5:24 | Create | Villager (Male) |
| 5:24 | Create | Villager (Male) |
| 5:44 | Create | Villager (Male) |
| 6:04 | Build | House |
| 6:07 | Create | Villager (Male) |
| 6:51 | Build | Lumber Camp |
| 7:08 | Create | Villager (Male) |
| 7:24 | Create | Villager (Male) |
| 7:52 | Create | Villager (Male) |
| 8:13 | Build | House |
| 8:16 | Create | Villager (Male) |
| 8:39 | Build | Mill |
| 8:42 | Create | Villager (Male) |
| 8:52 | Build | House |
| 9:12 | Create | Villager (Male) |
| 9:18 | Build | House |
| 9:31 | Create | Villager (Male) |
| 9:45 | Build | House |
| 9:47 | Build | House |
| 10:14 | Create | Villager (Male) |
| 10:15 | Create | Villager (Male) |
| 10:39 | Build | Farm |
| 10:41 | Build | Farm |
| 10:45 | Build | Farm |
| 10:46 | Create | Villager (Male) |
| 10:54 | Create | Villager (Male) |
| 11:02 | Build | Farm |
| 11:07 | Build | Farm |
| 11:09 | Build | Farm |
| 11:12 | Build | Farm |
| 11:36 | Build | Farm |
| 12:04 | Research | Feudal Age |
| 12:08 | Build | Mining Camp |
| 13:36 | Build | Barracks |
| 13:59 | Build | Farm |
| 14:04 | Build | Farm |
| 14:14 | Age | Feudal Age |
| 14:17 | Create | Villager (Male) |
| 14:17 | Create | Villager (Male) |
| 14:17 | Create | Villager (Male) |
| 14:18 | Create | Villager (Male) |
| 14:30 | Build | Blacksmith |
| 14:58 | Research | Double-Bit Axe |
| 15:15 | Build | Stone Wall |
| 15:18 | Build | Gate |
| 15:50 | Build | Archery Range |
| 16:09 | Research | Wheelbarrow |
| 16:49 | Research | Castle Age |
| 16:50 | Research | Castle Age |
| 17:06 | Build | Stable |
| 17:09 | Research | Gold Mining |
| 17:31 | Research | Horse Collar |
| 20:04 | Age | Castle Age |
| 20:06 | Build | Monastery |
| 20:13 | Build | Town Center |
| 20:16 | Create | Villager (Male) |
| 20:16 | Create | Villager (Male) |
| 20:26 | Create | Cavalry Archer |
| 20:26 | Create | Cavalry Archer |
| 20:26 | Create | Cavalry Archer |
| 20:47 | Create | Monk |
| 21:02 | Build | Mining Camp |
| 21:11 | Create | Villager (Male) |
| 21:11 | Create | Villager (Male) |
| 21:12 | Create | Villager (Male) |
| 21:25 | Create | Cavalry Archer |
| 21:26 | Create | Cavalry Archer |
| 21:26 | Create | Cavalry Archer |
| 21:29 | Research | Fletching |
| 21:33 | Create | Villager (Male) |
| 22:00 | Research | Bow Saw |
| 22:05 | Create | Villager (Male) |
| 22:06 | Create | Villager (Male) |
| 22:06 | Create | Villager (Male) |
| 22:06 | Create | Villager (Male) |
| 22:09 | Create | Villager (Male) |
| 22:10 | Create | Villager (Male) |
| 22:28 | Research | Heavy Plow |
| 22:32 | Create | Villager (Male) |
| 22:32 | Create | Villager (Male) |
| 22:33 | Create | Villager (Male) |
| 22:49 | Create | Cavalry Archer |
| 22:49 | Create | Cavalry Archer |
| 23:03 | Create | Villager (Male) |
| 23:04 | Create | Villager (Male) |
| 23:13 | Build | Farm |
| 23:15 | Create | Villager (Male) |
| 23:27 | Create | Cavalry Archer |
| 23:27 | Create | Cavalry Archer |
| 23:29 | Create | Villager (Male) |
| 23:31 | Build | Farm |
| 23:49 | Build | House |
| 23:50 | Build | House |
| 23:51 | Build | House |
| 23:52 | Build | House |
| 24:04 | Research | Hand Cart |
| 24:07 | Research | Town Watch |
| 24:09 | Create | Cavalry Archer |
| 24:09 | Create | Cavalry Archer |
| 24:10 | Create | Cavalry Archer |
| 24:34 | Create | Villager (Male) |
| 24:34 | Create | Villager (Male) |
| 24:35 | Create | Villager (Male) |
| 24:35 | Create | Villager (Male) |
| 24:36 | Create | Villager (Male) |
| 25:00 | Build | Town Center |
| 25:08 | Create | Villager (Male) |
| 25:09 | Create | Villager (Male) |
| 25:20 | Build | Siege Workshop |
| 25:31 | Build | Town Center |
| 25:33 | Create | Villager (Male) |
| 25:34 | Create | Villager (Male) |
| 25:34 | Create | Villager (Male) |
| 25:37 | Create | Villager (Male) |
| 25:59 | Build | Market |
| 26:15 | Create | Villager (Male) |
| 26:40 | Build | Farm |
| 26:41 | Create | Villager (Male) |
| 26:44 | Create | Mangonel |
| 27:05 | Build | University |
| 27:08 | Create | Villager (Male) |
| 27:08 | Create | Villager (Male) |
| 27:09 | Create | Villager (Male) |
| 27:09 | Create | Villager (Male) |
| 27:11 | Build | House |
| 27:12 | Build | House |
| 27:17 | Build | Mining Camp |
| 27:25 | Build | Farm |
| 27:25 | Build | Farm |
| 27:25 | Build | Farm |
| 27:26 | Build | Farm |
Build order — Yisus Patitas Suaves
First 150 of 282 actions detected
| 0:02 | Create | Villager (Male) ×4 |
| 0:05 | Build | House |
| 1:25 | Create | Villager (Male) |
| 1:59 | Build | Settlement |
| 2:01 | Create | Villager (Male) |
| 2:01 | Create | Villager (Male) |
| 2:11 | Build | Settlement |
| 2:17 | Create | Villager (Male) |
| 2:17 | Create | Villager (Male) |
| 2:58 | Create | Villager (Male) |
| 2:58 | Create | Villager (Male) |
| 3:24 | Create | Villager (Male) |
| 3:24 | Create | Villager (Male) |
| 3:39 | Create | Villager (Male) |
| 3:39 | Create | Villager (Male) |
| 4:09 | Create | Villager (Male) |
| 4:09 | Create | Villager (Male) |
| 4:17 | Build | Settlement |
| 4:34 | Create | Villager (Male) |
| 4:35 | Create | Villager (Male) |
| 5:06 | Create | Villager (Male) |
| 5:06 | Create | Villager (Male) |
| 5:07 | Create | Villager (Male) |
| 5:54 | Create | Villager (Male) |
| 5:54 | Create | Villager (Male) |
| 5:55 | Create | Villager (Male) |
| 5:55 | Create | Villager (Male) |
| 6:12 | Create | Villager (Male) |
| 6:12 | Create | Villager (Male) |
| 6:17 | Build | Farm |
| 6:21 | Build | Farm |
| 6:36 | Create | Villager (Male) |
| 6:36 | Create | Villager (Male) |
| 6:36 | Create | Villager (Male) |
| 7:07 | Build | Settlement |
| 7:30 | Create | Villager (Male) |
| 7:31 | Create | Villager (Male) |
| 9:19 | Research | Feudal Age |
| 11:11 | Create | Villager (Male) |
| 11:12 | Create | Villager (Male) |
| 11:29 | Age | Feudal Age |
| 11:30 | Build | Market |
| 11:35 | Build | Blacksmith |
| 12:25 | Research | Castle Age |
| 12:25 | Research | Castle Age |
| 12:47 | Research | Double-Bit Axe |
| 13:20 | Research | Horse Collar |
| 14:36 | Create | Villager (Male) |
| 14:39 | Research | Wheelbarrow |
| 15:05 | Age | Castle Age |
| 15:06 | Research | Bow Saw |
| 15:07 | Research | Heavy Plow |
| 15:07 | Research | Heavy Plow |
| 15:10 | Build | Town Center |
| 15:15 | Build | Town Center |
| 15:21 | Build | Farm |
| 15:22 | Build | Farm |
| 15:27 | Build | Farm |
| 15:28 | Build | Farm |
| 15:29 | Build | Farm |
| 15:49 | Create | Villager (Male) |
| 15:57 | Build | Farm |
| 16:01 | Build | Farm |
| 16:27 | Create | Villager (Male) ×3 |
| 16:35 | Build | Farm |
| 16:43 | Build | Farm |
| 16:53 | Build | Farm |
| 16:57 | Create | Villager (Male) ×3 |
| 17:07 | Build | Farm |
| 17:13 | Build | Farm |
| 17:16 | Build | Farm |
| 17:28 | Build | Farm |
| 17:28 | Create | Villager (Male) ×2 |
| 17:41 | Build | Farm |
| 17:42 | Create | Villager (Male) |
| 17:49 | Build | Farm |
| 17:54 | Build | Farm |
| 17:55 | Create | Villager (Male) |
| 18:00 | Build | Farm |
| 18:00 | Build | Farm |
| 18:06 | Build | Farm |
| 18:07 | Create | Villager (Male) ×2 |
| 18:26 | Build | Farm |
| 18:27 | Create | Villager (Male) |
| 18:38 | Create | Villager (Male) ×3 |
| 18:43 | Build | House |
| 18:45 | Build | House |
| 18:54 | Build | Farm |
| 18:55 | Build | Farm |
| 18:59 | Build | Farm |
| 19:01 | Create | Villager (Male) ×3 |
| 19:08 | Build | Farm |
| 19:31 | Create | Villager (Male) ×4 |
| 19:36 | Build | Settlement |
| 19:41 | Create | Villager (Male) ×2 |
| 19:46 | Build | Farm |
| 19:51 | Build | Farm |
| 19:55 | Build | Farm |
| 19:57 | Create | Villager (Male) ×3 |
| 20:15 | Research | Gold Mining |
| 20:38 | Research | Hand Cart |
| 20:45 | Create | Villager (Male) ×2 |
| 20:46 | Create | Villager (Male) |
| 20:53 | Build | Farm |
| 21:09 | Create | Villager (Male) ×2 |
| 21:30 | Build | Settlement |
| 21:31 | Build | Farm |
| 21:31 | Build | Farm |
| 21:32 | Build | Farm |
| 21:32 | Build | Farm |
| 21:33 | Build | Farm |
| 21:33 | Build | Farm |
| 21:34 | Build | Farm |
| 21:39 | Build | Farm |
| 21:41 | Create | Villager (Male) ×5 |
| 21:52 | Create | Villager (Male) ×3 |
| 22:20 | Research | Loom |
| 22:40 | Create | Villager (Male) ×5 |
| 22:44 | Build | University |
| 22:49 | Build | Monastery |
| 22:56 | Research | Town Watch |
| 23:25 | Build | Settlement |
| 23:27 | Create | Villager (Male) ×5 |
| 23:40 | Build | Settlement |
| 23:52 | Build | Settlement |
| 23:55 | Build | Settlement |
| 24:03 | Build | Settlement |
| 24:09 | Build | Settlement |
| 24:22 | Research | Town Patrol |
| 24:25 | Research | Gold Shaft Mining |
| 24:35 | Create | Villager (Male) ×5 |
| 25:10 | Research | Imperial Age |
| 25:12 | Create | Villager (Male) ×5 |
| 25:22 | Build | House |
| 25:23 | Build | House |
| 25:24 | Build | House |
| 25:25 | Build | House |
| 25:26 | Build | House |
| 25:50 | Build | Settlement |
| 25:55 | Create | Villager (Male) ×5 |
| 26:07 | Build | Farm |
| 26:15 | Research | Stone Mining |
| 26:15 | Research | Stone Mining |
| 26:30 | Build | Castle |
| 26:47 | Build | Barracks |
| 26:56 | Research | Treadmill Crane |
| 26:58 | Research | Forging |
| 26:59 | Research | Scale Mail Armor |
| 27:00 | Research | Padded Archer Armor |
| 27:00 | Research | Fletching |
Build order — tallshanks
First 150 of 312 actions detected
| 0:05 | Create | Villager (Male) |
| 0:05 | Create | Villager (Male) |
| 0:06 | Create | Villager (Male) |
| 0:07 | Build | House |
| 0:09 | Build | House |
| 0:27 | Create | Villager (Male) |
| 0:57 | Research | Loom |
| 1:32 | Create | Villager (Male) |
| 2:06 | Create | Villager (Male) |
| 2:23 | Create | Villager (Male) |
| 2:30 | Research | Loom |
| 2:30 | Create | Villager (Male) |
| 2:56 | Create | Villager (Male) |
| 3:09 | Build | Mill |
| 3:13 | Create | Villager (Male) |
| 3:37 | Build | House |
| 3:45 | Create | Villager (Male) |
| 4:04 | Create | Villager (Male) |
| 4:39 | Create | Villager (Male) |
| 4:47 | Create | Villager (Male) |
| 4:54 | Build | Lumber Camp |
| 5:20 | Build | Palisade Wall |
| 5:27 | Create | Villager (Male) |
| 5:27 | Create | Villager (Male) |
| 5:51 | Create | Villager (Male) |
| 6:06 | Build | House |
| 6:11 | Create | Villager (Male) |
| 6:27 | Create | Villager (Male) |
| 6:27 | Create | Villager (Male) |
| 7:11 | Build | Mill |
| 7:44 | Build | House |
| 8:14 | Create | Villager (Male) |
| 8:32 | Build | Mining Camp |
| 8:37 | Create | Villager (Male) |
| 8:37 | Create | Villager (Male) |
| 9:17 | Create | Villager (Male) |
| 9:46 | Create | Villager (Male) |
| 9:47 | Create | Villager (Male) |
| 9:47 | Create | Villager (Male) |
| 9:47 | Create | Villager (Male) |
| 10:14 | Build | House |
| 10:53 | Research | Feudal Age |
| 12:11 | Build | House |
| 12:39 | Build | Farm |
| 12:40 | Build | Farm |
| 12:41 | Build | Farm |
| 12:44 | Build | Farm |
| 13:56 | Age | Feudal Age |
| 13:59 | Build | Market |
| 14:04 | Build | Blacksmith |
| 14:07 | Create | Villager (Male) |
| 14:07 | Create | Villager (Male) |
| 14:12 | Research | Double-Bit Axe |
| 14:31 | Research | Gold Mining |
| 14:46 | Research | Castle Age |
| 15:27 | Build | Farm |
| 15:30 | Build | Farm |
| 15:31 | Build | Farm |
| 15:33 | Build | Farm |
| 15:37 | Research | Horse Collar |
| 16:09 | Build | Farm |
| 16:12 | Build | Farm |
| 16:16 | Build | Farm |
| 16:18 | Build | Farm |
| 16:25 | Build | Farm |
| 17:30 | Create | Villager (Male) |
| 17:30 | Create | Villager (Male) |
| 17:37 | Age | Castle Age |
| 17:42 | Build | University |
| 17:46 | Build | Monastery |
| 17:52 | Build | Farm |
| 17:56 | Build | Farm |
| 18:16 | Create | Villager (Male) |
| 18:41 | Create | Villager (Male) |
| 19:00 | Build | House |
| 19:01 | Build | House |
| 19:05 | Create | Villager (Male) |
| 19:36 | Create | Villager (Male) |
| 20:03 | Research | Imperial Age |
| 20:13 | Build | Town Center |
| 20:39 | Build | Stone Wall |
| 20:53 | Create | Villager (Male) |
| 20:54 | Create | Villager (Male) |
| 20:54 | Create | Villager (Male) |
| 20:54 | Create | Villager (Male) |
| 21:04 | Create | Monk |
| 21:24 | Build | Gate |
| 21:33 | Create | Villager (Male) |
| 21:46 | Build | Mining Camp |
| 21:55 | Research | Heavy Plow |
| 22:23 | Create | Villager (Male) |
| 22:33 | Build | House |
| 22:34 | Build | House |
| 22:35 | Build | House |
| 22:47 | Build | Siege Workshop |
| 22:59 | Research | Wheelbarrow |
| 23:01 | Create | Villager (Male) |
| 23:01 | Create | Villager (Male) |
| 23:17 | Age | Imperial Age |
| 23:22 | Create | Villager (Male) |
| 23:31 | Create | Trade Cart |
| 23:31 | Create | Trade Cart |
| 23:44 | Create | Villager (Male) |
| 23:57 | Create | Villager (Male) |
| 23:58 | Create | Villager (Male) |
| 24:06 | Build | Barracks |
| 24:26 | Create | Villager (Male) |
| 24:31 | Build | House |
| 24:36 | Create | Villager (Male) |
| 24:38 | Create | Villager (Male) |
| 24:38 | Create | Villager (Male) |
| 24:42 | Research | Fletching |
| 24:50 | Research | Padded Archer Armor |
| 24:53 | Research | Ballistics |
| 25:09 | Build | Archery Range |
| 25:10 | Build | Archery Range |
| 25:37 | Create | Villager (Male) |
| 25:37 | Create | Villager (Male) |
| 25:42 | Create | Villager (Male) |
| 25:42 | Create | Villager (Male) |
| 25:48 | Create | Bombard Cannon |
| 25:59 | Create | Villager (Male) |
| 26:01 | Create | Villager (Male) |
| 26:08 | Build | Lumber Camp |
| 26:11 | Create | Villager (Male) |
| 26:21 | Build | Mining Camp |
| 26:25 | Create | Hand Cannoneer ×3 |
| 26:25 | Create | Hand Cannoneer ×3 |
| 26:33 | Build | Farm |
| 26:34 | Build | Farm |
| 26:35 | Build | Farm |
| 26:37 | Build | Farm |
| 26:39 | Create | Villager (Male) |
| 26:49 | Build | Market |
| 26:58 | Create | Hand Cannoneer ×2 |
| 27:04 | Create | Villager (Male) |
| 27:28 | Create | Villager (Male) |
| 27:30 | Build | Farm |
| 27:31 | Build | Farm |
| 27:32 | Build | Farm |
| 27:33 | Create | Villager (Male) |
| 27:53 | Build | Farm |
| 27:53 | Build | Farm |
| 27:57 | Create | Villager (Male) |
| 27:58 | Create | Villager (Male) |
| 28:13 | Create | Bombard Cannon |
| 28:17 | Build | House |
| 28:19 | Build | House |
| 28:23 | Create | Monk |
| 28:33 | Build | House |
Build order — RayderBlack
First 150 of 263 actions detected
| 0:01 | Create | Villager (Male) |
| 0:04 | Build | House |
| 0:06 | Build | House |
| 0:12 | Create | Villager (Male) |
| 0:52 | Create | Villager (Male) |
| 0:52 | Create | Villager (Male) |
| 1:23 | Create | Villager (Male) |
| 1:41 | Create | Villager (Male) |
| 2:15 | Create | Villager (Male) |
| 2:27 | Create | Villager (Male) |
| 3:14 | Build | Palisade Wall |
| 3:45 | Create | Villager (Male) |
| 3:46 | Create | Villager (Male) |
| 4:16 | Build | House |
| 4:18 | Build | House |
| 4:19 | Build | House |
| 4:21 | Build | House |
| 5:14 | Build | Mining Camp |
| 6:06 | Create | Villager (Male) |
| 6:06 | Create | Villager (Male) |
| 6:27 | Create | Villager (Male) |
| 7:13 | Create | Villager (Male) |
| 7:19 | Create | Villager (Male) |
| 8:30 | Create | Villager (Male) |
| 8:31 | Create | Villager (Male) |
| 8:56 | Build | Lumber Camp |
| 9:29 | Create | Villager (Male) |
| 9:31 | Create | Villager (Male) |
| 10:15 | Build | Mill |
| 10:34 | Build | Palisade Wall |
| 10:36 | Build | House |
| 10:37 | Build | House |
| 10:38 | Build | House |
| 10:39 | Build | House |
| 10:56 | Create | Villager (Male) |
| 11:12 | Build | Farm |
| 11:20 | Create | Villager (Male) |
| 11:23 | Build | Farm |
| 11:47 | Build | Farm |
| 11:48 | Create | Villager (Male) |
| 11:49 | Create | Villager (Male) |
| 11:53 | Create | Villager (Male) |
| 12:18 | Build | Farm |
| 12:31 | Research | Feudal Age |
| 12:39 | Build | Farm |
| 13:03 | Create | Villager (Male) |
| 13:04 | Create | Villager (Male) |
| 14:40 | Age | Feudal Age |
| 15:23 | Build | Stone Wall |
| 15:29 | Build | Gate |
| 16:00 | Build | Market |
| 16:04 | Build | Mining Camp |
| 16:11 | Build | Blacksmith |
| 16:14 | Build | House |
| 16:25 | Build | House |
| 16:27 | Build | House |
| 16:32 | Build | Mining Camp |
| 16:53 | Research | Loom |
| 16:54 | Create | Villager (Male) |
| 17:01 | Build | Farm |
| 17:02 | Build | Farm |
| 17:03 | Build | Farm |
| 17:03 | Build | Farm |
| 17:04 | Build | Farm |
| 17:05 | Build | Farm |
| 17:05 | Build | Farm |
| 17:36 | Create | Villager (Male) |
| 17:58 | Research | Castle Age |
| 18:44 | Research | Gold Mining |
| 18:48 | Research | Double-Bit Axe |
| 18:53 | Research | Horse Collar |
| 19:35 | Create | Villager (Male) |
| 19:36 | Create | Villager (Male) |
| 20:03 | Research | Scale Barding Armor |
| 20:25 | Age | Castle Age |
| 20:32 | Build | Town Center |
| 20:52 | Create | Villager (Male) |
| 20:53 | Create | Villager (Male) |
| 21:42 | Build | Town Center |
| 21:47 | Create | Villager (Male) |
| 21:48 | Create | Villager (Male) |
| 21:50 | Create | Villager (Male) |
| 21:51 | Create | Villager (Male) |
| 22:29 | Build | Monastery |
| 22:33 | Create | Villager (Male) |
| 22:33 | Create | Villager (Male) |
| 22:34 | Create | Villager (Male) |
| 22:35 | Create | Villager (Male) |
| 23:04 | Create | Villager (Male) |
| 23:32 | Build | Stone Wall |
| 23:38 | Build | Gate |
| 23:56 | Create | Villager (Male) |
| 23:57 | Create | Villager (Male) |
| 23:57 | Create | Villager (Male) |
| 23:57 | Create | Villager (Male) |
| 23:59 | Create | Villager (Male) |
| 24:03 | Create | Villager (Male) |
| 24:04 | Create | Villager (Male) |
| 24:08 | Create | Villager (Male) |
| 24:52 | Create | Villager (Male) |
| 24:53 | Create | Villager (Male) |
| 24:54 | Create | Villager (Male) |
| 25:24 | Build | Farm |
| 25:42 | Build | Barracks |
| 26:09 | Build | House |
| 26:11 | Build | House |
| 26:30 | Research | Wheelbarrow |
| 26:32 | Research | Town Watch |
| 26:33 | Create | Villager (Male) |
| 26:35 | Create | Villager (Male) |
| 27:04 | Build | Castle |
| 27:17 | Build | Stable |
| 27:19 | Build | Stable |
| 27:22 | Build | Stable |
| 27:23 | Build | Stable |
| 27:27 | Build | Stable |
| 27:42 | Build | Stable |
| 27:47 | Create | Villager (Male) |
| 27:48 | Create | Villager (Male) |
| 27:49 | Create | Villager (Male) |
| 27:49 | Create | Villager (Male) |
| 27:50 | Create | Villager (Male) |
| 28:18 | Create | Spearman |
| 28:19 | Create | Spearman |
| 28:42 | Create | Knight |
| 28:42 | Create | Knight |
| 28:43 | Create | Knight |
| 29:02 | Create | Knight |
| 29:13 | Create | Camel Scout |
| 29:13 | Create | Camel Scout |
| 29:39 | Create | Knight |
| 29:57 | Build | Farm |
| 29:58 | Build | Farm |
| 30:02 | Create | Villager (Male) |
| 30:03 | Create | Villager (Male) |
| 30:12 | Create | Villager (Male) |
| 30:12 | Create | Villager (Male) |
| 30:12 | Create | Villager (Male) |
| 30:13 | Create | Villager (Male) |
| 30:24 | Create | Knight |
| 30:40 | Research | Husbandry |
| 30:43 | Research | Chain Barding Armor |
| 30:48 | Build | Farm |
| 30:52 | Build | Farm |
| 30:53 | Build | Farm |
| 31:04 | Create | Villager (Male) |
| 31:12 | Create | Knight |
| 31:12 | Create | Knight |
| 31:43 | Create | Knight |
| 31:44 | Create | Knight |
Build order — TheHuisman
First 150 of 420 actions detected
| 0:04 | Create | Villager (Male) ×4 |
| 0:06 | Build | House |
| 0:08 | Build | House |
| 0:50 | Research | Loom |
| 1:43 | Create | Villager (Male) |
| 2:06 | Create | Villager (Male) |
| 2:29 | Create | Villager (Male) |
| 2:43 | Build | Lumber Camp |
| 2:48 | Create | Villager (Male) |
| 3:15 | Create | Villager (Male) |
| 3:31 | Create | Villager (Male) |
| 4:29 | Build | House |
| 4:34 | Create | Villager (Male) |
| 4:55 | Create | Villager (Male) |
| 5:03 | Create | Villager (Male) |
| 5:17 | Create | Villager (Male) |
| 5:22 | Build | Mill |
| 5:31 | Create | Villager (Male) |
| 5:35 | Build | House |
| 5:37 | Build | House |
| 5:40 | Build | House |
| 6:05 | Build | Palisade Wall |
| 6:50 | Create | Villager (Male) |
| 6:52 | Create | Villager (Male) |
| 6:52 | Create | Villager (Male) |
| 7:19 | Build | Farm |
| 7:28 | Build | Farm |
| 7:45 | Create | Villager (Male) ×5 |
| 8:10 | Build | Farm |
| 8:23 | Build | Farm |
| 8:49 | Research | Feudal Age |
| 9:26 | Build | Farm |
| 9:36 | Build | Farm |
| 9:42 | Build | Farm |
| 11:01 | Create | Villager (Male) ×5 |
| 11:06 | Age | Feudal Age |
| 11:11 | Build | Blacksmith |
| 11:21 | Build | Market |
| 11:31 | Research | Double-Bit Axe |
| 11:34 | Research | Horse Collar |
| 11:54 | Build | Market |
| 12:27 | Build | Mining Camp |
| 12:33 | Create | Villager (Male) ×5 |
| 12:38 | Build | Farm |
| 12:46 | Build | Farm |
| 13:23 | Research | Gold Mining |
| 13:25 | Research | Wheelbarrow |
| 13:41 | Build | Farm |
| 14:04 | Build | Farm |
| 14:13 | Build | Mill |
| 14:30 | Build | Farm |
| 14:34 | Build | Farm |
| 14:39 | Build | Farm |
| 14:46 | Build | Farm |
| 14:56 | Build | Farm |
| 15:14 | Build | Farm |
| 15:24 | Research | Castle Age |
| 16:09 | Build | House |
| 16:11 | Build | House |
| 16:13 | Build | House |
| 16:21 | Create | Villager (Male) ×5 |
| 16:42 | Research | Forging |
| 16:44 | Research | Fletching |
| 17:23 | Create | Trade Cart |
| 18:04 | Create | Trade Cart |
| 18:04 | Age | Castle Age |
| 18:10 | Build | Town Center |
| 18:22 | Research | Scale Barding Armor |
| 18:26 | Research | Bow Saw |
| 18:44 | Research | Heavy Plow |
| 19:18 | Create | Trade Cart |
| 19:25 | Create | Villager (Male) ×5 |
| 19:32 | Build | House |
| 19:33 | Build | House |
| 19:35 | Build | House |
| 19:43 | Create | Villager (Male) |
| 19:44 | Create | Villager (Male) |
| 20:16 | Build | Barracks |
| 20:23 | Build | Barracks |
| 20:27 | Research | Wheelbarrow |
| 20:31 | Create | Villager (Male) ×5 |
| 20:42 | Create | Trade Cart |
| 21:10 | Create | Villager (Male) ×4 |
| 21:27 | Build | House |
| 21:29 | Build | House |
| 21:32 | Build | House |
| 21:34 | Build | House |
| 21:35 | Build | House |
| 21:37 | Build | House |
| 21:39 | Build | House |
| 21:45 | Research | Caravan |
| 21:51 | Build | Stable |
| 22:06 | Build | University |
| 22:34 | Build | Monastery |
| 22:40 | Create | Villager (Male) ×5 |
| 22:48 | Build | Archery Range |
| 22:55 | Research | Padded Archer Armor |
| 23:04 | Create | Trade Cart |
| 23:07 | Create | Villager (Male) |
| 23:08 | Create | Villager (Male) |
| 23:23 | Build | House |
| 23:24 | Build | House |
| 23:25 | Build | House |
| 23:27 | Build | House |
| 23:28 | Build | House |
| 23:29 | Build | House |
| 23:32 | Build | House |
| 23:33 | Build | House |
| 23:35 | Build | House |
| 23:41 | Create | Monk |
| 23:50 | Research | Hand Cart |
| 24:09 | Build | Town Center |
| 24:26 | Build | Stable |
| 24:57 | Create | Trade Cart |
| 24:57 | Create | Trade Cart |
| 25:00 | Research | Iron Casting |
| 25:01 | Research | Chain Barding Armor |
| 25:07 | Build | Archery Range |
| 25:16 | Build | Stable |
| 25:31 | Research | Gold Shaft Mining |
| 25:34 | Create | Villager (Male) ×5 |
| 25:56 | Research | Elite Skirmisher (upgrade) |
| 26:17 | Create | Trade Cart ×5 |
| 26:29 | Build | Mining Camp |
| 26:31 | Create | Villager (Male) ×5 |
| 26:47 | Create | Skirmisher ×5 |
| 27:00 | Build | Lumber Camp |
| 27:01 | Build | Lumber Camp |
| 27:03 | Build | Lumber Camp |
| 27:05 | Build | Farm |
| 27:19 | Build | Farm |
| 27:23 | Research | Stone Mining |
| 27:27 | Research | Thumb Ring |
| 27:34 | Create | Villager (Male) |
| 27:40 | Create | Villager (Male) |
| 27:40 | Create | Villager (Male) |
| 27:54 | Create | Villager (Male) |
| 27:58 | Build | Farm |
| 28:02 | Build | Farm |
| 28:05 | Build | Stable |
| 28:17 | Create | Knight ×3 |
| 28:21 | Create | Knight |
| 28:21 | Create | Knight |
| 28:30 | Create | Skirmisher ×5 |
| 28:36 | Build | Archery Range |
| 28:38 | Build | Archery Range |
| 28:47 | Build | Siege Workshop |
| 28:49 | Create | Villager (Male) |
| 28:50 | Create | Villager (Male) |
| 28:55 | Create | Villager (Male) |
Build order — SnooP OrO
First 150 of 430 actions detected
| 0:01 | Create | Villager (Male) |
| 0:02 | Build | House |
| 0:04 | Build | House |
| 0:19 | Research | Loom |
| 0:20 | Create | Villager (Male) |
| 0:21 | Create | Villager (Male) |
| 0:38 | Create | Villager (Male) |
| 0:39 | Create | Villager (Male) |
| 1:18 | Build | Palisade Wall |
| 1:42 | Create | Villager (Male) |
| 2:25 | Create | Villager (Male) |
| 2:26 | Create | Villager (Male) |
| 2:53 | Build | Palisade Wall |
| 2:58 | Create | Villager (Male) |
| 2:58 | Create | Villager (Male) |
| 3:26 | Create | Villager (Male) |
| 3:26 | Create | Villager (Male) |
| 3:26 | Create | Villager (Male) |
| 3:47 | Build | House |
| 3:49 | Build | House |
| 3:49 | Build | House |
| 4:00 | Create | Villager (Male) |
| 4:00 | Create | Villager (Male) |
| 5:07 | Create | Villager (Male) |
| 5:07 | Create | Villager (Male) |
| 5:07 | Create | Villager (Male) |
| 5:32 | Create | Villager (Male) |
| 5:33 | Create | Villager (Male) |
| 6:19 | Build | Mill |
| 6:21 | Build | House |
| 6:33 | Create | Villager (Male) |
| 6:33 | Create | Villager (Male) |
| 7:09 | Build | House |
| 7:50 | Create | Villager (Male) |
| 7:50 | Create | Villager (Male) |
| 8:24 | Create | Villager (Male) |
| 8:49 | Create | Villager (Male) |
| 8:59 | Build | Lumber Camp |
| 9:10 | Create | Villager (Male) |
| 9:37 | Create | Villager (Male) |
| 9:43 | Build | Mining Camp |
| 10:17 | Create | Villager (Male) |
| 10:18 | Create | Villager (Male) |
| 10:51 | Create | Villager (Male) |
| 11:37 | Research | Feudal Age |
| 12:12 | Create | Villager (Male) |
| 12:13 | Create | Villager (Male) |
| 13:47 | Age | Feudal Age |
| 13:52 | Build | Stone Wall |
| 14:03 | Build | Stone Wall |
| 14:09 | Build | Stone Wall |
| 14:11 | Build | Stone Wall |
| 14:24 | Build | Gate |
| 14:27 | Build | Gate |
| 14:30 | Create | Villager (Male) |
| 14:50 | Create | Villager (Male) |
| 14:56 | Build | Market |
| 15:00 | Build | Blacksmith |
| 15:05 | Build | Mining Camp |
| 15:07 | Create | Villager (Male) |
| 16:08 | Create | Villager (Male) |
| 16:46 | Research | Castle Age |
| 16:52 | Build | House |
| 16:55 | Build | House |
| 16:56 | Build | House |
| 16:58 | Build | House |
| 17:08 | Build | House |
| 17:12 | Build | Palisade Wall |
| 17:19 | Build | House |
| 17:23 | Build | House |
| 17:24 | Build | House |
| 17:25 | Build | House |
| 17:28 | Build | House |
| 17:29 | Build | House |
| 17:34 | Build | House |
| 17:35 | Build | House |
| 17:45 | Build | Farm |
| 17:45 | Build | Farm |
| 17:45 | Build | Farm |
| 17:45 | Build | Farm |
| 17:46 | Build | Farm |
| 17:46 | Build | Farm |
| 17:46 | Build | Farm |
| 17:47 | Build | Farm |
| 17:58 | Build | Mining Camp |
| 18:18 | Create | Villager (Male) |
| 18:18 | Create | Villager (Male) |
| 18:22 | Research | Double-Bit Axe |
| 18:25 | Research | Horse Collar |
| 19:26 | Age | Castle Age |
| 19:41 | Build | Town Center |
| 19:56 | Build | Farm |
| 19:58 | Create | Villager (Male) |
| 20:19 | Build | Farm |
| 20:21 | Create | Villager (Male) |
| 20:38 | Create | Villager (Male) |
| 20:38 | Create | Villager (Male) |
| 20:38 | Create | Villager (Male) |
| 20:46 | Build | Farm |
| 20:56 | Create | Villager (Male) |
| 21:11 | Build | Farm |
| 21:12 | Create | Villager (Male) |
| 21:33 | Create | Villager (Male) |
| 21:35 | Build | Farm |
| 21:59 | Build | Monastery |
| 22:04 | Build | Farm |
| 22:06 | Create | Villager (Male) |
| 22:06 | Create | Villager (Male) |
| 22:09 | Create | Villager (Male) |
| 22:10 | Create | Villager (Male) |
| 22:31 | Build | Farm |
| 22:44 | Build | Castle |
| 22:55 | Build | Farm |
| 23:15 | Create | Villager (Male) |
| 23:16 | Create | Villager (Male) |
| 23:19 | Create | Villager (Male) |
| 23:20 | Create | Villager (Male) |
| 23:25 | Create | Monk |
| 23:31 | Build | University |
| 23:40 | Build | House |
| 23:42 | Build | House |
| 23:43 | Build | House |
| 23:45 | Build | House |
| 23:51 | Build | Farm |
| 23:52 | Create | Villager (Male) |
| 24:06 | Create | Longbowman |
| 24:06 | Create | Longbowman |
| 24:07 | Create | Longbowman |
| 24:07 | Create | Longbowman |
| 24:15 | Build | Farm |
| 24:36 | Build | Town Center |
| 24:42 | Build | Farm |
| 24:43 | Create | Villager (Male) |
| 24:43 | Create | Villager (Male) |
| 24:44 | Create | Villager (Male) |
| 24:44 | Create | Villager (Male) |
| 25:08 | Research | Ballistics |
| 25:12 | Create | Longbowman |
| 25:13 | Create | Longbowman |
| 25:17 | Build | Farm |
| 25:18 | Create | Villager (Male) |
| 25:38 | Create | Villager (Male) |
| 25:38 | Create | Villager (Male) |
| 25:47 | Research | Bow Saw |
| 25:50 | Create | Longbowman |
| 25:51 | Create | Longbowman |
| 25:54 | Build | Farm |
| 26:23 | Build | Farm |
| 26:24 | Create | Villager (Male) |
| 26:24 | Create | Villager (Male) |
Build order — Cartman AK-47
First 150 of 290 actions detected
| 0:05 | Build | House |
| 0:07 | Build | House |
| 0:08 | Create | Villager (Male) ×4 |
| 0:57 | Build | Palisade Wall |
| 1:29 | Build | Palisade Wall |
| 1:44 | Create | Villager (Male) |
| 2:05 | Build | Palisade Wall |
| 2:47 | Create | Villager (Male) |
| 3:17 | Build | Palisade Gate |
| 3:25 | Create | Villager (Male) |
| 4:23 | Build | Palisade Wall |
| 4:51 | Create | Villager (Male) ×3 |
| 5:13 | Create | Villager (Male) |
| 5:16 | Build | House |
| 5:46 | Create | Villager (Male) ×2 |
| 6:09 | Create | Villager (Male) |
| 6:32 | Create | Villager (Male) |
| 6:55 | Create | Villager (Male) ×2 |
| 7:33 | Create | Villager (Male) |
| 7:54 | Build | Palisade Wall |
| 8:09 | Build | Mill |
| 9:02 | Build | House |
| 10:07 | Build | Lumber Camp |
| 10:12 | Create | Villager (Male) |
| 10:13 | Create | Villager (Male) |
| 10:13 | Create | Villager (Male) |
| 11:00 | Build | House |
| 11:04 | Build | House |
| 12:17 | Research | Feudal Age |
| 12:28 | Build | Barracks |
| 12:56 | Build | Farm |
| 12:56 | Build | Farm |
| 12:56 | Build | Farm |
| 12:56 | Build | Farm |
| 12:57 | Build | Farm |
| 12:57 | Build | Farm |
| 12:57 | Build | Farm |
| 13:24 | Create | Villager (Male) |
| 13:24 | Create | Villager (Male) |
| 13:24 | Create | Villager (Male) |
| 13:25 | Create | Villager (Male) |
| 14:27 | Age | Feudal Age |
| 14:41 | Build | Market |
| 14:53 | Build | Mining Camp |
| 15:45 | Build | Stable |
| 16:07 | Create | Villager (Male) |
| 16:07 | Create | Villager (Male) |
| 16:12 | Build | Lumber Camp |
| 17:20 | Build | Blacksmith |
| 17:43 | Research | Horse Collar |
| 17:47 | Research | Castle Age |
| 17:47 | Research | Castle Age |
| 18:05 | Build | Farm |
| 18:25 | Build | Archery Range |
| 18:41 | Research | Double-Bit Axe |
| 18:42 | Research | Double-Bit Axe |
| 18:53 | Build | Archery Range |
| 19:22 | Build | Stable |
| 19:36 | Build | Farm |
| 19:36 | Build | Farm |
| 20:02 | Research | Wheelbarrow |
| 20:27 | Age | Castle Age |
| 20:43 | Create | Cavalry Archer ×5 |
| 21:33 | Research | Fletching |
| 21:37 | Create | Villager (Male) |
| 21:37 | Create | Villager (Male) |
| 21:40 | Build | House |
| 21:42 | Build | House |
| 21:49 | Build | House |
| 21:57 | Build | Farm |
| 21:57 | Build | Farm |
| 22:00 | Create | Villager (Male) |
| 22:20 | Research | Husbandry |
| 22:43 | Build | Siege Workshop |
| 22:49 | Create | Cavalry Archer |
| 22:58 | Build | Farm |
| 22:58 | Build | Farm |
| 23:05 | Build | Farm |
| 23:05 | Build | Farm |
| 23:06 | Build | Farm |
| 23:10 | Build | Farm |
| 23:11 | Create | Villager (Male) ×2 |
| 23:28 | Build | Farm |
| 23:30 | Create | Villager (Male) |
| 23:35 | Build | Farm |
| 23:38 | Build | Farm |
| 23:40 | Build | Farm |
| 23:42 | Create | Villager (Male) |
| 23:42 | Create | Villager (Male) |
| 23:52 | Create | Battering Ram |
| 24:04 | Create | Villager (Male) |
| 24:05 | Create | Villager (Male) |
| 24:19 | Research | Gold Mining |
| 24:27 | Create | Cavalry Archer |
| 24:34 | Create | Cavalry Archer |
| 24:50 | Build | Palisade Gate |
| 25:13 | Create | Villager (Male) |
| 25:14 | Create | Villager (Male) |
| 25:15 | Build | House |
| 25:16 | Build | House |
| 25:21 | Build | House |
| 25:29 | Build | House |
| 25:41 | Create | Battering Ram |
| 25:45 | Create | Villager (Male) |
| 25:45 | Create | Villager (Male) |
| 25:45 | Create | Villager (Male) |
| 26:14 | Create | Villager (Male) |
| 26:15 | Create | Villager (Male) |
| 26:48 | Create | Villager (Male) |
| 26:48 | Create | Villager (Male) |
| 26:56 | Build | Town Center |
| 27:29 | Create | Cavalry Archer ×3 |
| 27:41 | Research | Gold Shaft Mining |
| 27:46 | Research | Hand Cart |
| 27:46 | Create | Villager (Male) ×5 |
| 27:47 | Create | Villager (Male) ×5 |
| 27:47 | Create | Villager (Male) |
| 28:03 | Create | Cavalry Archer |
| 28:19 | Create | Villager (Male) ×3 |
| 29:44 | Build | Town Center |
| 29:48 | Research | Bow Saw |
| 29:50 | Research | Heavy Plow |
| 29:56 | Build | Farm |
| 29:56 | Build | Farm |
| 29:57 | Build | Farm |
| 29:57 | Build | Farm |
| 29:57 | Build | Farm |
| 29:57 | Build | Farm |
| 29:58 | Build | Farm |
| 30:08 | Build | Mining Camp |
| 30:37 | Create | Villager (Male) ×5 |
| 30:53 | Build | Farm |
| 30:54 | Build | Farm |
| 30:54 | Build | Farm |
| 31:01 | Build | Farm |
| 31:02 | Build | Farm |
| 31:07 | Create | Villager (Male) ×5 |
| 31:07 | Create | Villager (Male) ×5 |
| 31:07 | Create | Villager (Male) ×5 |
| 31:07 | Create | Villager (Male) |
| 31:22 | Build | Farm |
| 31:33 | Build | Farm |
| 31:39 | Build | Farm |
| 31:44 | Create | Villager (Male) ×5 |
| 31:49 | Create | Trade Cart |
| 32:05 | Create | Villager (Male) ×5 |
| 33:06 | Build | Monastery |
| 33:08 | Build | University |
| 33:31 | Build | House |
| 33:32 | Build | House |
Build order — Carrotman
First 150 of 224 actions detected
| 0:05 | Create | Villager (Male) ×4 |
| 0:08 | Build | House |
| 0:13 | Build | House |
| 0:15 | Build | House |
| 1:02 | Build | Palisade Wall |
| 1:09 | Research | Loom |
| 1:56 | Create | Villager (Male) |
| 1:56 | Create | Villager (Male) |
| 1:57 | Create | Villager (Male) |
| 3:06 | Create | Villager (Male) ×2 |
| 3:18 | Build | Mining Camp |
| 4:43 | Create | Villager (Male) |
| 4:44 | Create | Villager (Male) |
| 4:44 | Create | Villager (Male) |
| 5:37 | Create | Villager (Male) |
| 5:38 | Create | Villager (Male) |
| 6:47 | Create | Villager (Male) |
| 6:47 | Create | Villager (Male) |
| 6:48 | Create | Villager (Male) |
| 7:43 | Build | Mill |
| 8:10 | Create | Villager (Male) |
| 8:11 | Create | Villager (Male) |
| 8:16 | Build | House |
| 9:23 | Build | Lumber Camp |
| 10:06 | Create | Villager (Male) |
| 11:09 | Create | Villager (Male) |
| 11:10 | Create | Villager (Male) |
| 11:59 | Build | Mill |
| 12:39 | Research | Feudal Age |
| 13:06 | Build | House |
| 13:08 | Build | House |
| 13:12 | Build | House |
| 13:15 | Build | House |
| 14:49 | Age | Feudal Age |
| 15:01 | Build | House |
| 15:05 | Build | House |
| 15:11 | Create | Villager (Male) |
| 15:11 | Create | Villager (Male) |
| 15:24 | Research | Double-Bit Axe |
| 15:26 | Research | Horse Collar |
| 15:39 | Research | Gold Mining |
| 15:39 | Research | Stone Mining |
| 15:57 | Build | Stone Wall |
| 16:03 | Build | Stone Wall |
| 16:06 | Build | Stone Wall |
| 16:43 | Create | Villager (Male) |
| 16:43 | Create | Villager (Male) |
| 16:44 | Create | Villager (Male) |
| 17:09 | Build | Farm |
| 17:09 | Build | Farm |
| 17:09 | Build | Farm |
| 17:09 | Build | Farm |
| 17:10 | Build | Farm |
| 17:10 | Build | Farm |
| 17:11 | Build | Farm |
| 17:11 | Build | Farm |
| 17:12 | Build | Farm |
| 17:12 | Build | Farm |
| 17:13 | Build | Farm |
| 17:13 | Build | Farm |
| 17:13 | Build | Farm |
| 17:13 | Build | Farm |
| 17:14 | Build | Farm |
| 17:33 | Build | Mining Camp |
| 17:44 | Create | Villager (Male) |
| 18:14 | Build | Mining Camp |
| 18:22 | Research | Wheelbarrow |
| 18:50 | Create | Villager (Male) |
| 19:10 | Build | Blacksmith |
| 20:00 | Create | Villager (Male) |
| 20:11 | Build | Market |
| 21:09 | Create | Villager (Male) |
| 21:21 | Build | Farm |
| 21:23 | Build | Farm |
| 21:31 | Build | Farm |
| 21:45 | Research | Town Watch |
| 21:56 | Research | Castle Age |
| 23:51 | Build | Lumber Camp |
| 24:11 | Create | Villager (Male) |
| 24:11 | Create | Villager (Male) |
| 24:11 | Create | Villager (Male) |
| 24:14 | Create | Villager (Male) |
| 24:39 | Age | Castle Age |
| 24:46 | Build | Town Center |
| 24:51 | Research | Bow Saw |
| 25:12 | Build | Town Center |
| 26:18 | Build | University |
| 26:43 | Create | Villager (Male) |
| 26:46 | Create | Villager (Male) ×5 |
| 27:08 | Build | Monastery |
| 27:36 | Build | Stone Wall |
| 28:03 | Build | Monastery |
| 28:06 | Create | Villager (Male) |
| 28:08 | Create | Villager (Male) |
| 28:26 | Research | Imperial Age |
| 28:39 | Create | Villager (Male) ×5 |
| 28:40 | Create | Villager (Male) ×5 |
| 28:46 | Create | Monk |
| 29:03 | Build | Stone Wall |
| 29:13 | Build | Stone Wall |
| 29:23 | Build | Stone Wall |
| 29:31 | Build | Stone Wall |
| 29:39 | Build | Stone Wall |
| 29:47 | Research | Gold Shaft Mining |
| 29:47 | Research | Stone Shaft Mining |
| 29:50 | Create | Villager (Male) ×2 |
| 29:51 | Create | Villager (Male) ×2 |
| 30:00 | Create | Villager (Male) |
| 30:20 | Build | Siege Workshop |
| 30:22 | Build | Siege Workshop |
| 30:35 | Build | Barracks |
| 30:41 | Research | Padded Archer Armor |
| 30:59 | Build | Siege Workshop |
| 31:06 | Build | Castle |
| 31:19 | Create | Villager (Male) ×5 |
| 31:19 | Create | Villager (Male) ×5 |
| 31:29 | Build | House |
| 31:31 | Build | House |
| 31:31 | Build | House |
| 31:32 | Build | House |
| 31:32 | Build | House |
| 31:32 | Build | House |
| 31:33 | Build | House |
| 31:33 | Build | House |
| 31:33 | Build | House |
| 31:34 | Build | House |
| 31:34 | Build | House |
| 31:36 | Age | Imperial Age |
| 31:50 | Research | Tech 980 |
| 31:57 | Create | Villager (Male) ×3 |
| 31:57 | Create | Villager (Male) ×3 |
| 31:59 | Build | Farm |
| 32:00 | Build | Farm |
| 32:19 | Create | Battering Ram |
| 32:26 | Build | Mining Camp |
| 32:39 | Create | Villager (Male) ×4 |
| 32:40 | Create | Villager (Male) ×4 |
| 33:11 | Create | Villager (Male) ×3 |
| 33:29 | Research | Chemistry |
| 33:35 | Build | Farm |
| 33:37 | Build | Farm |
| 33:38 | Build | Farm |
| 33:42 | Build | Farm |
| 33:43 | Build | Farm |
| 33:43 | Build | Farm |
| 33:43 | Build | Farm |
| 33:44 | Build | Farm |
| 33:44 | Build | Farm |
| 33:44 | Build | Farm |
| 33:45 | Build | Farm |
Match timeline
| 0:57 | Cartman AK-47 · wall_segment Palisade Wall x7 |
| 1:02 | Carrotman · wall_segment Palisade Wall x9 |
| 1:07 | WIRE · wall_segment Palisade Wall x8 |
| 1:18 | SnooP OrO · wall_segment Palisade Wall x9 |
| 1:29 | Cartman AK-47 · wall_segment Palisade Wall x12 |
| 2:05 | Cartman AK-47 · wall_segment Palisade Wall x10 |
| 2:53 | SnooP OrO · wall_segment Palisade Wall x8 |
| 3:14 | RayderBlack · wall_segment Palisade Wall x9 |
| 4:23 | Cartman AK-47 · wall_segment Palisade Wall x9 |
| 5:20 | tallshanks · wall_segment Palisade Wall x9 |
| 6:05 | TheHuisman · wall_segment Palisade Wall x1 |
| 7:54 | Cartman AK-47 · wall_segment Palisade Wall x1 |
| 10:34 | RayderBlack · wall_segment Palisade Wall x2 |
| 11:06 | TheHuisman · age_up feudal |
| 11:29 | Yisus Patitas Suaves · age_up feudal |
| 12:28 | Cartman AK-47 · first_building Barracks |
| 13:36 | WIRE · first_building Barracks |
| 13:47 | SnooP OrO · age_up feudal |
| 13:52 | SnooP OrO · wall_segment Stone Wall x8 |
| 13:56 | tallshanks · age_up feudal |
| 14:03 | SnooP OrO · wall_segment Stone Wall x15 |
| 14:09 | SnooP OrO · wall_segment Stone Wall x2 |
| 14:11 | SnooP OrO · wall_segment Stone Wall x8 |
| 14:14 | WIRE · age_up feudal |
| 14:27 | Cartman AK-47 · age_up feudal |
| 14:40 | RayderBlack · age_up feudal |
| 14:49 | Carrotman · age_up feudal |
| 15:05 | Yisus Patitas Suaves · age_up castle |
| 15:15 | WIRE · wall_segment Stone Wall x10 |
| 15:23 | RayderBlack · wall_segment Stone Wall x7 |
| 15:45 | Cartman AK-47 · first_building Stable |
| 15:50 | WIRE · first_building Archery Range |
| 15:57 | Carrotman · wall_segment Stone Wall x8 |
| 16:03 | Carrotman · wall_segment Stone Wall x7 |
| 16:06 | Carrotman · wall_segment Stone Wall x7 |
| 17:06 | WIRE · first_building Stable |
| 17:12 | SnooP OrO · wall_segment Palisade Wall x1 |
| 17:37 | tallshanks · age_up castle |
| 17:46 | tallshanks · first_building Monastery |
| 18:04 | TheHuisman · age_up castle |
| 18:25 | Cartman AK-47 · first_building Archery Range |
| 19:26 | SnooP OrO · age_up castle |
| 20:04 | WIRE · age_up castle |
| 20:06 | WIRE · first_building Monastery |
| 20:16 | TheHuisman · first_building Barracks |
| 20:25 | RayderBlack · age_up castle |
| 20:27 | Cartman AK-47 · age_up castle |
| 20:39 | tallshanks · wall_segment Stone Wall x9 |
| 21:29 | RayderBlack · first_market_buy 100 stone |
| 21:51 | TheHuisman · first_building Stable |
| 21:54 | Carrotman · first_market_buy 100 food |
| 21:59 | SnooP OrO · first_building Monastery |
| 22:29 | RayderBlack · first_building Monastery |
| 22:34 | TheHuisman · first_building Monastery |
| 22:43 | Cartman AK-47 · first_building Siege Workshop |
| 22:44 | SnooP OrO · first_building Castle |
| 22:47 | tallshanks · first_building Siege Workshop |
| 22:48 | TheHuisman · first_building Archery Range |
| 22:49 | Yisus Patitas Suaves · first_building Monastery |
| 23:17 | tallshanks · age_up imperial |
| 23:32 | RayderBlack · wall_segment Stone Wall x8 |
| 24:06 | tallshanks · first_building Barracks |
| 24:39 | Carrotman · age_up castle |
| 25:03 | Yisus Patitas Suaves · first_market_sell 100 wood |
| 25:09 | tallshanks · first_building Archery Range |
| 25:20 | WIRE · first_building Siege Workshop |
| 25:42 | RayderBlack · first_building Barracks |
| 26:30 | Yisus Patitas Suaves · first_building Castle |
| 26:47 | Yisus Patitas Suaves · first_building Barracks |
| 27:04 | RayderBlack · first_building Castle |
| 27:08 | Carrotman · first_building Monastery |
| 27:17 | RayderBlack · first_building Stable |
| 27:36 | Carrotman · wall_segment Stone Wall x9 |
| 27:48 | SnooP OrO · first_building Barracks |
| 27:55 | Yisus Patitas Suaves · first_building Archery Range |
| 28:25 | Yisus Patitas Suaves · age_up imperial |
| 28:47 | TheHuisman · first_building Siege Workshop |
| 29:03 | Carrotman · wall_segment Stone Wall x9 |
| 29:07 | tallshanks · first_building Stable |
| 29:13 | Carrotman · wall_segment Stone Wall x9 |
| 29:23 | Carrotman · wall_segment Stone Wall x8 |
| 29:29 | TheHuisman · first_market_buy 100 food |
| 29:31 | Carrotman · wall_segment Stone Wall x7 |
| 29:39 | Carrotman · wall_segment Stone Wall x8 |
| 29:44 | SnooP OrO · first_market_buy 100 food |
| 30:20 | Carrotman · first_building Siege Workshop |
| 30:35 | Carrotman · first_building Barracks |
| 30:48 | WIRE · first_market_sell 100 wood |
| 30:57 | RayderBlack · first_market_sell 100 wood |
| 31:06 | Carrotman · first_building Castle |
| 31:35 | SnooP OrO · first_building Siege Workshop |
| 31:36 | Carrotman · age_up imperial |
| 31:55 | Yisus Patitas Suaves · wall_segment Stone Wall x6 |
| 32:10 | TheHuisman · first_building Castle |
| 32:24 | SnooP OrO · age_up imperial |
| 33:06 | Cartman AK-47 · first_building Monastery |
| 33:16 | RayderBlack · wall_segment Stone Wall x9 |
| 33:52 | Cartman AK-47 · wall_segment Stone Wall x1 |
| 33:54 | Cartman AK-47 · wall_segment Stone Wall x3 |
| 33:55 | Cartman AK-47 · wall_segment Stone Wall x1 |
| 33:56 | Cartman AK-47 · wall_segment Stone Wall x1 |
| 33:56 | Cartman AK-47 · wall_segment Stone Wall x1 |
| 33:57 | Cartman AK-47 · wall_segment Stone Wall x1 |
| 33:57 | Cartman AK-47 · wall_segment Stone Wall x2 |
| 33:57 | Cartman AK-47 · wall_segment Stone Wall x1 |
| 33:58 | Cartman AK-47 · wall_segment Stone Wall x1 |
| 33:58 | Cartman AK-47 · wall_segment Stone Wall x1 |
| 33:59 | Cartman AK-47 · wall_segment Stone Wall x1 |
| 34:06 | SnooP OrO · first_market_sell 100 wood |
| 34:14 | Carrotman · first_building Archery Range |
| 34:31 | WIRE · first_building Castle |
| 34:44 | tallshanks · first_building Castle |
| 35:25 | WIRE · age_up imperial |
| 35:51 | Cartman AK-47 · first_building Castle |
| 36:30 | Carrotman · wall_segment Stone Wall x10 |
| 36:38 | TheHuisman · age_up imperial |
| 36:40 | Carrotman · wall_segment Stone Wall x8 |
| 37:20 | Cartman AK-47 · age_up imperial |
| 38:41 | tallshanks · first_market_buy 100 food |
| 40:19 | RayderBlack · first_building Archery Range |
| 40:43 | RayderBlack · age_up imperial |
| 41:12 | Yisus Patitas Suaves · first_building Siege Workshop |
| 41:25 | Cartman AK-47 · wall_segment Stone Wall x2 |
| 41:27 | Carrotman · wall_segment Stone Wall x9 |
| 43:28 | Cartman AK-47 · first_market_sell 500 wood |
| 44:54 | WIRE · first_market_buy 100 food |
| 46:31 | SnooP OrO · resign |
[ AI ANALYSIS · 1 CREDIT ]
What really happened in this match?
Wolo.gg analyzes every decision: build order, eco, micro, common mistakes by bracket. Personalized analysis on WhatsApp or Discord in 30 seconds.
Civ guide
Teutons
Perfil
Jugador #224841